 Dungeon Crawl Stone Soup version 0.27.0-1-g7a089689b8 (webtiles) character file.

Game seed: 8360658659651115384

224 hatdisgam the Cutter (level 6, -3/29 HPs)
             Began as a Vine Stalker Arcane Marksman on Aug 6, 2021.
             Slain by a gnoll (8 damage)
             ... on level 3 of the Dungeon.
             The game lasted 00:04:49 (3134 turns).

hatdisgam the Cutter (Vine Stalker Arcane Marksman) Turns: 3134, Time: 00:04:50

Health: -3/29      AC:  6    Str: 14    XL:     6   Next: 0%
Magic:  0/8        EV: 12    Int: 13    God:
Gold:   84         SH:  5    Dex: 15    Spells: 6/7 levels left

rFire    . . .     SeeInvis .   d - +0 dagger (drain)
rCold    . . .     Faith    .   f - +0 buckler
rNeg     . . .     Spirit   +   p - +1 robe {Will+}
rPois    .         Reflect  .   n - +2 helmet
rElec    .         Harm     .   (no cloak)
rCorr    .         Rampage  .   (no gloves)
Will     +....                  (no boots)
Stlth    +.........             (no amulet)
HPRegen  1.09/turn              (no ring)
MPRegen  0.11/turn              (no ring)

@: no status effects
A: fangs 2, regeneration 1, magic shield, antimagic bite, no potion heal 2
a: no special abilities


You were on level 3 of the Dungeon.
You visited 1 branch of the dungeon, and saw 3 of its levels.

You collected 84 gold pieces.

Inventory:

Hand Weapons
 d - a +0 dagger of draining (weapon)
Missiles
 b - 4 javelins (quivered)
 c - 5 throwing nets
 g - 2 boomerangs
 i - 73 stones
 j - 6 atropa-tipped darts
Armour
 a - a +0 robe
 f - a +0 buckler (worn)
 n - a +2 helmet (worn)
 p - a +1 robe of willpower (worn)
Jewellery
 k - an amulet of faith
Wands
 o - a wand of flame (13)
Scrolls
 h - a scroll of teleportation {unknown}
 m - 2 scrolls of amnesia {unknown}
Potions
 e - a potion of curing {unknown}
 l - a potion of flight {unknown}
 q - a potion of lignification {unknown}


   Skills:
 - Level 0.9 Fighting
 + Level 3.6 Short Blades
 - Level 1.8 Throwing
 - Level 1.5 Dodging
 + Level 3.1 Shields
 - Level 1.1 Spellcasting
 - Level 3.0 Hexes


You had 6 spell levels left.
You knew the following spells:

 Your Spells              Type           Power      Damage    Failure   Level
a - Corona                Hex            8%         N/A       9%          1

Your spell library contained the following spells:

 Spells                   Type           Power      Damage    Failure   Level
 Slow                     Hex            8%         N/A       14%         2
 Foxfire                  Conj/Fire      0%         2x1d4     30%         1
 Summon Small Mammal      Summ           0%         N/A       30%         1
 Inner Flame              Hex/Fire       4%         N/A       45%         3
 Portal Projectile        Hex/Tloc       8%         N/A       45%         3
 Summon Guardian Golem    Hex/Summ       4%         N/A       45%         3
 Cause Fear               Hex            4%         N/A       65%         4
 Call Canine Familiar     Summ           0%         N/A       67%         3
 Conjure Flame            Conj/Fire      0%         6-21      67%         3


Dungeon Overview and Level Annotations

Branches:
Dungeon (3/15)

Altars:

Shops:
D:2 (


Innate Abilities, Weirdness & Mutations

You have extremely sharp teeth.
Your natural rate of healing is unusually fast.
When hurt, damage is shared between your health and your magic reserves.
Your bite disrupts and absorbs the magic of your enemies.
Potions cannot restore your health.


Message History

You feel stronger.
Things that are here:
a +0 club; a gnoll corpse
c - 5 throwing nets (gained 1)
A gnoll comes into view. It is wielding a +0 halberd.
A gnoll is nearby!
A gnoll is nearby!
A gnoll is nearby!
A gnoll is nearby!
The gnoll shouts!
The gnoll hits you from afar with a +0 halberd!
You block the gnoll's attack.
You hit the gnoll but do no damage. Your bite misses the gnoll.
The gnoll hits you but does no damage.
You hit the gnoll. You drain the gnoll. Your bite misses the gnoll.
The gnoll is heavily wounded.
The gnoll misses you.
You barely miss the gnoll.
The gnoll is heavily wounded.
The gnoll barely misses you. The gnoll hits you with a +0 halberd!
There is a huge open gate, spattered with blood here.
You hit the gnoll. You drain the gnoll.
The gnoll is heavily wounded.
The gnoll hits you with a +0 spear.
Unknown command.
You hit the gnoll but do no damage.
The gnoll is heavily wounded.
You block the gnoll's attack.
Unknown command.
You closely miss the gnoll.
The gnoll is heavily wounded.
The gnoll barely misses you. The gnoll hits you with a +0 halberd!
* * * LOW HITPOINT WARNING * * *
Unknown command.
You hit the gnoll but do no damage. Your bite misses the gnoll.
The gnoll is heavily wounded.
The gnoll hits you with a +0 spear.
* * * LOW HITPOINT WARNING * * *
The gnoll hits you with a +0 halberd!
You die...

#####.#...........#.############
#.##..###.##......))........
######.........##.###############
...........)..............
≈≈≈≈≈≈≈≈≈≈≈≈≈≈≈≈....≈≈≈≈≈≈
≈≈≈≈≈≈≈≈≈≈≈≈≈≈≈≈....≈≈≈≈≈≈
####≈≈≈≈≈≈≈≈≈≈≈≈....≈≈≈≈≈≈ .
#...........g..........
#############@'''######
......#g...#.....
......'....'.....
......#....#.....
#################


You could see 2 gnolls.

Vanquished Creatures
  A jelly (D:2)
  Jessica (D:3)
  Robin (D:3)
  4 gnolls (D:3)
  4 adders
  5 dart slugs
  2 orcs (D:3)
  8 endoplasms
  2 giant cockroaches (D:1)
  9 goblins
  9 hobgoblins
  6 jackals
  A quokka (D:3)
  5 ball pythons
  4 bats
  2 frilled lizards
  8 kobolds
  A rat (D:1)
73 creatures vanquished.

Notes
Turn   | Place    | Note
-------+----------+-------------------------------------------
     0 | D:1      | hatdisgam the Vine Stalker Arcane Marksman began the quest
                  | for the Orb.
     0 | D:1      | Reached XP level 1. HP: 9/9 MP: 3/3
   192 | D:1      | Reached skill level 1 in Short Blades
   291 | D:1      | Reached XP level 2. HP: 11/14 MP: 4/4
   981 | D:1      | Found a faded altar of an unknown god.
  1093 | D:1      | Reached XP level 3. HP: 17/17 MP: 5/5
  1213 | D:1      | Reached skill level 1 in Shields
  1542 | D:2      | Gained mutation: Your natural rate of healing is unusually
                  | fast. [Vine Stalker growth]
  1542 | D:2      | Reached XP level 4. HP: 21/21 MP: 6/6
  1957 | D:2      | Found Keneiw's Antique Weapon Boutique.
  2380 | D:3      | Reached XP level 5. HP: 25/25 MP: 7/7
  2463 | D:3      | Noticed Robin
  2471 | D:3      | Killed Robin
  2524 | D:3      | Noticed Jessica
  2540 | D:3      | Killed Jessica
  3101 | D:3      | Reached XP level 6. HP: 27/29 MP: 6/8
  3134 | D:3      | Slain by a gnoll

Illustrated notes

Levels and vault maps discovered:
D:1:      lordsloth_arrival_two_stooges, layout_loops_ring,
          shapermc_ecumenical_altar_mp_vishouse, minmay_misc_feat_roman,
          palyth_stone_intersect, minmay_misc_feat_nine_boxes
D:2:      layout_loops_corners, serial_shops, nicolae_shop_overgrown_old_shop,
          hangedman_abyss_or_decor_lesser_grid, serial_bayou_crossing
D:3:      lemuel_castle_with_subvaults [lemuel_castle_interior_carwin_1],
          layout_basic, minmay_misc_feat_encased, minmay_fountain_box,
          uniq_jessica, uniq_robin

Skill      XL: |  1  2  3  4  5 |
---------------+----------------+-----
Short Blades   | 1 2 3 |  3.6
Shields        | 1 2 3 |  3.1
Fighting       | |  0.9
Throwing       | |  1.8
Dodging        | |  1.5
Spellcasting   | |  1.1
Hexes          | |  3.0

Action                   |  1- 3 |  4- 6 || total
-------------------------+-------+-------++-------
Melee: Dagger            |    57 |   185 ||   242
       Bite              |    19 |    40 ||    59
       Unarmed           |     2 |       ||     2
Throw: Javelin           |     5 |       ||     5
 Stab: Sleeping          |       |     1 ||     1
Armor: Robe              |     6 |    29 ||    35
Dodge: Dodged            |    25 |    74 ||    99
Block: Buckler           |     2 |    37 ||    39
